[Event "*** Titled Tuesday Blitz"]
[Site "Chess.com"]
[Date "2020.05.26"]
[Round "2"]
[White "vaishali2001"]
[Black "PavelChernomordik"]
[Result "1-0"]
[WhiteElo "2623"]
[BlackElo "2220"]
[TimeControl "180+1"]
[EndTime "10:18:45 PDT"]
[Termination "vaishali2001 won by resignation"]

1. d4 g6 2. e4 Bg7 3. Nc3 d6 4. Nf3 a6 5. a4 b6 6. Bc4 e6 7. h4 h6 8. Be3 Bb7 9. Qd2 Nd7 10.
h5 g5 11. Bb3 Ngf6 12. e5 dxe5 13. dxe5 Ng4 14. O-O-O Ndxe5 15. Qe2 Qe7 16. Bd4 f6 17. Nxe5 Nxe5 18. Bxe5 fxe5 19. Qg4 Bc8 20. Qe4 Rb8 21. Qc6+ Kf7 22. Rh3 Re8 23. Rhd3 Kg8 24. Rd7 Bxd7 25. Rxd7 Qf6 26. Ne4 Qf5 27. Kb1 Rbc8 28. f3 Kh8 29. c3 Bf8 30. Bc2 Qf4 31. Rxc7 Rxc7 32. Qxc7 Re7 33. Qxb6 Qf7 34. Qxa6 Ra7 35. Qb5 Rb7 36. Qxe5+ Bg7 37. Qc5 Qc7 38. Qxc7 Rxc7 39. Ka2 Be5 40.
a5 Kg7 41. Ka3 Kf8 42. Ka4 Ke7 43. a6 Kd7 44. b4 Bxc3 45. Nxc3 Rxc3 46. Be4 Rc1 47.
Kb5 Kc7 48. a7 Ra1 49. a8=Q Rxa8 50. Bxa8 1-0

[Event "*** Titled Tuesday Blitz"]
[Site "Chess.com"]
[Date "2020.05.26"]
[Round "2"]
[White "doons21"]
[Black "VerdeNotte"]
[Result "0-1"]
[WhiteElo "2506"]
[BlackElo "2771"]
[TimeControl "180+1"]
[EndTime "10:18:46 PDT"]
[Termination "VerdeNotte won by resignation"]

1. e4 e5 2. Nf3 Nc6 3. Bb5 a6 4. Ba4 d6 5. Qe2 g6 6. c3 Bg7 7. O-O Nf6 8. d4 Bd7 9. dxe5 Nxe5 10. Bxd7+ Nfxd7 11. Nxe5 dxe5 12. Rd1 Qe7 13. b4 O-O 14. Be3 Rfd8 15. Nd2 Nf8 16. Nc4 Ne6 17. g3 h5 18.
h4 Rd7 19. Na5 c6 20. Rxd7 Qxd7 21. Rd1 Qc7 22. Nc4 b5 23. Nb6 Rd8 24. a4 Nd4 25.
cxd4 exd4 26. a5 dxe3 27. Rxd8+ Qxd8 28. Qxe3 Qd6 29. Qb3 Bf8 30. Qf3 Qd4 31. Kg2 Bxb4 32. e5 Bxa5 33. Nc8 Qxe5 34. Qxc6 Qe6 35. Nd6 Bb4 36.
Qa8+ Kh7 37. Ne4 Be7 38. Kf3 b4 39. Qe8 Qf5+ 40. Ke3 Bc5+ 41. Kd3 Qd5+ 42. Ke2 Qc4+ 43. Kf3 Qd5 44. Kg2 Kg7 45. f3 Bd4 46. Qb8 b3 47.
Kf1 b2 48. Nd2 Qb5+ 49. Qxb5 axb5 50. Nb1 b4 51. Ke2 Kf6 52. Kd3 Ke5 53. Nd2 Bf2 54. f4+ Kf5 55. Ke2 Bxg3 56. Nb1 Bxf4 57. Kf3 Be5 58.
Kg2 Bc3 59. Kf3 f6 60. Ke2 Kg4 61. Kd3 Kxh4 62. Ke4 Kg3 63. Ke3 h4 0-1

[Event "*** Titled Tuesday Blitz"]
[Site "Chess.com"]
[Date "2020.05.26"]
[Round "2"]
[White "MartinCerveny"]
[Black "DACF2905"]
[Result "1-0"]
[WhiteElo "2509"]
[BlackElo "2277"]
[TimeControl "180+1"]
[EndTime "10:18:47 PDT"]
[Termination "MartinCerveny won on time"]

1. d4 Nf6 2. c4 c5 3. d5 e6 4.
Nc3 exd5 5. cxd5 d6 6. h3 g6 7.
e4 Bg7 8. Nf3 O-O 9. Bd3 a6 10.
a4 Nbd7 11. O-O Ne8 12. Bg5 f6 13. Be3 Ne5 14. Be2 b6 15. Nd2 Rb8 16. f4 Nd7 17.
Qc2 Qe7 18. Rae1 Nc7 19. Nc4 b5 20. Na5 Bb7 21. Bf3 b4 22. Nd1 Nb6 23. b3 Rbe8 24.
Bf2 Ba8 25. Ne3 Qd7 26. Nac4 Nc8 27. g4 Bh6 28. Ng2 Bg7 29. h4 f5 30. gxf5 gxf5 31. e5 Bxd5 32. Bxd5+ Nxd5 33. exd6 Nxd6 34. Nxd6 Qxd6 35.
Bxc5 Qc6 36. Qc4 Rxe1 37. Nxe1 Rd8 38. Nd3 Qe6 39. Bf2 Qf7 40. Ne5 Bxe5 41. fxe5 Nc3 42. Qxa6 Qg6+ 43. Qxg6+ hxg6 44. Bc5 Rb8 45. a5 Kf7 46. a6 Ke6 47. a7 Ra8 48. Re1 Nd5 49. Kf2 Nf4 50. Rd1 Kxe5 51. Bd6+ Ke4 52. Bxf4 Rxa7 53.
Bg5 Ra2+ 54. Rd2 Ra3 55. Re2+ 1-0

[Event "*** Titled Tuesday Blitz"]
[Site "Chess.com"]
[Date "2020.05.26"]
[Round "2"]
[White "amiralfio"]
[Black "imdarealist"]
[Result "1-0"]
[WhiteElo "2432"]
[BlackElo "2202"]
[TimeControl "180+1"]
[EndTime "10:18:49 PDT"]
[Termination "amiralfio won by resignation"]

1. e4 e5 2. Nf3 Nf6 3. Nc3 Bb4 4. Nxe5 O-O 5. Nd3 Bxc3 6. dxc3 Nxe4 7. Be2 d6 8. O-O Nd7 9. Be3 Re8 10. Nf4 b6 11.
Bf3 Bb7 12. Re1 Ndf6 13. c4 Rb8 14. Qd3 Nc5 15. Bxc5 bxc5 16. b3 Nd7 17. Bxb7 Rxb7 18. h3 Ne5 19. Qg3 Qf6 20. Nd5 Qd8 21. f4 Ng6 22.
Rxe8+ Qxe8 23. f5 Qe5 24. Qxe5 Nxe5 25. f6 c6 26. Ne7+ Kf8 27. fxg7+ Kxg7 28. Nf5+ Kg6 29. Nxd6 Rd7 30. Ne4 f5 31. Nxc5 Rd2 32. Re1 Kf6 33. Rf1 Rxc2 34. Rf2 Rc1+ 35. Kh2 Kg6 36. Ne6 Nd3 37. Rd2 Ne1 38. Kg3 Nc2 39. Nf4+ Kf7 40. Ne2 Ne3 41. Nxc1 Nf1+ 42. Kf4 Nxd2 43. Kxf5 Nf1 44. g4 Ne3+ 45. Ke5 Ng2 46. Kd6 Nf4 47.
Kxc6 Nxh3 48. Kd7 Nf2 49. c5 Nxg4 50. Nd3 h5 51. c6 Nf6+ 52. Kd8 h4 53. c7 h3 54.
c8=Q h2 55. Qh3 Nd5 56. Qxh2 Ne7 57. Qc7 Kf6 58. Qxe7+ Kf5 59. Qxa7 Kg4 60. Qb6 1-0

[Event "*** Titled Tuesday Blitz"]
[Site "Chess.com"]
[Date "2020.05.26"]
[Round "2"]
[White "Ranindu2003"]
[Black "OK97"]
[Result "0-1"]
[WhiteElo "2522"]
[BlackElo "2796"]
[TimeControl "180+1"]
[EndTime "10:18:51 PDT"]
[Termination "OK97 won by resignation"]

1. e4 g6 2. d4 Bg7 3. Nc3 d6 4. f4 Nf6 5. Nf3 O-O 6. e5 dxe5 7. fxe5 Nd5 8. Bc4 Be6 9. Bxd5 Bxd5 10. Nxd5 Qxd5 11.
Qe2 f6 12. c4 Qe6 13. d5 Qb6 14. Be3 Qb4+ 15. Bd2 Qxb2 16. O-O Na6 17. Rab1 Qa3 18. Rxb7 fxe5 19. Rbb1 Rab8 20. Nxe5 Rxb1 21. Rxb1 Qxa2 22.
Rd1 Qc2 23. Nf3 Nc5 24. Rc1 Qe4 25. Qxe4 Nxe4 26. Bb4 Bf6 27. Re1 Rb8 28. Ba3 Rb3 29.
Bxe7 Bxe7 30. Rxe4 Bc5+ 31. Kf1 a5 32. Re8+ Kg7 33.
Ra8 Bb6 34. Ng5 Rb2 35. Ne6+ Kf6 36. g3 Rc2 37. Rf8+ Ke7 38. Rh8 a4 39. Rxh7+ Kf6 40. Rh8 a3 41. Rf8+ Ke5 42. Ra8 a2 43. c5 Rc1+ 44. Ke2 a1=Q 45. Rxa1 Rxa1 46. cxb6 cxb6 47. Nf4 g5 48. Nd3+ Kxd5 49. h4 gxh4 50. gxh4 Kd4 51.
h5 Ra2+ 0-1

[Event "*** Titled Tuesday Blitz"]
[Site "Chess.com"]
[Date "2020.05.26"]
[Round "2"]
[White "Semetey"]
[Black "Jumbo"]
[Result "0-1"]
[WhiteElo "2544"]
[BlackElo "2853"]
[TimeControl "180+1"]
[EndTime "10:18:52 PDT"]
[Termination "Jumbo won by resignation"]

1. Nf3 Nf6 2. e3 g6 3. d4 b6 4. c4 Bb7 5. Nc3 Ne4 6. Qc2 Nxc3 7. Qxc3 Bg7 8. Be2 O-O 9. O-O c5 10. Qd2 cxd4 11. Nxd4 Na6 12. b3 d5 13. cxd5 Qxd5 14.
Bf3 Qd7 15. Bxb7 Qxb7 16. Bb2 Rfd8 17. Qe2 Rac8 18. Rac1 Nc5 19. Rfd1 e5 20. Nc2 h5 21. Na3 e4 22. Bxg7 Kxg7 23. Rxd8 Rxd8 24. Nb5 Nd3 25. Rc7 Qd5 26. Nd4 Qd6 27. Rc6 Qb4 28. h3 Rd7 29. Rc4 Qa5 30. a4 Qe5 31. Qc2 Qf6 32. Rc6 Qg5 33.
Rc8 Ne1 34. Qxe4 Qe7 35. Qb1 Qb4 36. Rc4 Qd2 37. Rc1 Nd3 38. Rc2 Qb4 39. Qd1 Nc5 40.
Rc4 Qa3 41. Qc2 Re7 42. Kh2 Kh7 43. Qe2 Ne4 44. Qf3 Qd6+ 45. g3 Nd2 46. Qf4 Qxf4 47. gxf4 Nxc4 48. bxc4 Rc7 49. Nb5 Rxc4 50. Nxa7 Rxa4 51.
Nc8 b5 52. Nd6 b4 53. Nxf7 b3 54. Ng5+ Kg8 55. Nf3 b2 56. Nd2 Ra1 57. Kg3 b1=Q 58. Nxb1 Rxb1 0-1

[Event "*** Titled Tuesday Blitz"]
[Site "Chess.com"]
[Date "2020.05.26"]
[Round "2"]
[White "VALPARAISO37"]
[Black "JTCoach"]
[Result "0-1"]
[WhiteElo "2341"]
[BlackElo "2660"]
[TimeControl "180+1"]
[EndTime "10:18:52 PDT"]
[Termination "JTCoach won on time"]

1. d4 Nf6 2. c4 e6 3. Nc3 c5 4. d5 exd5 5. cxd5 d6 6. Nf3 g6 7. Bf4 Bg7 8. h3 O-O 9. e3 Re8 10. Nd2 Na6 11. Bc4 Nc7 12. O-O Rb8 13. a4 Qe7 14.
Re1 a6 15. a5 b5 16. axb6 Rxb6 17. Qc2 Nb5 18. Ra5 Bf5 19. e4 Nd4 20. Qc1 Nh5 21. Bh2 Bc8 22. g4 Qg5 23. Re3 Nf4 24. Kh1 Be5 25.
Nf3 Nxf3 26. Rxf3 Nxh3 27. Qf1 Bxh2 28. Kxh2 Nf4 29. Rg3 Rxb2 30. Bxa6 Qh4+ 31. Kg1 Bxg4 32. Bb5 Nh3+ 33. Kg2 Rxf2+ 34. Qxf2 Nxf2 35. Bxe8 Nh3 36. Ne2 Bxe2 37. Rxh3 Qxe4+ 38. Kf2 Qxe8 39. Re3 Qd8 40. Ra7 Bg4 41. Rae7 Bd7 42. R7e4 c4 43.
Rxc4 Qf6+ 44. Ke1 Qa1+ 45. Kd2 Qa2+ 46. Kc3 Bb5 47. Rc8+ Kg7 48. Ree8 Qxd5 49. Rg8+ Kf6 50. Rh8 Qd3+ 51. Kb4 h5 52. Rc3 Qd4+ 53. Kb3 Ba4+ 54. Ka3 Qxc3+ 55. Kxa4 Kg5 56. Rf8 Qe5 57. Rxf7 h4 58. Rh7 Kg4 59. Kb4 g5 60. Kc4 Qe4+ 61.
Kc3 Qxh7 0-1

[Event "*** Titled Tuesday Blitz"]
[Site "Chess.com"]
[Date "2020.05.26"]
[Round "2"]
[White "GMKrikor"]
[Black "Zq1"]
[Result "1/2-1/2"]
[WhiteElo "2746"]
[BlackElo "2508"]
[TimeControl "180+1"]
[EndTime "10:18:53 PDT"]
[Termination "Game drawn - insufficient material"]

1. Nf3 Nf6 2. c4 e6 3. Nc3 d5 4.
e3 Be7 5. b3 O-O 6. Bb2 c5 7.
cxd5 exd5 8. d4 Nc6 9. Be2 Bg4 10. dxc5 Bxc5 11. O-O a6 12. Rc1 Ba7 13. h3 Bh5 14.
Nh4 Bxe2 15. Nxe2 Rc8 16. Nf5 Re8 17. Neg3 Re6 18. Nxg7 Kxg7 19. Nh5+ Kf8 20. Nxf6 Rxf6 21. Bxf6 Qxf6 22. Qxd5 Rd8 23. Qe4 Qg6 24. Qxg6 hxg6 25.
Rfd1 Rxd1+ 26. Rxd1 Ke7 27. g4 g5 28. Kg2 Nb4 29.
Rd2 Ke6 30. Kg3 Bb8+ 31. Kf3 Nd5 32. Ke4 Nc3+ 33. Kd3 Nd5 34. a3 Bd6 35. b4 b5 36.
Ke4 Nc3+ 37. Kd3 Nd5 38. Rb2 Nb6 39. Ra2 Kd5 40. f3 Nc4 41. Ra1 Be5 42. Ra2 Nb2+ 43. Kc2 Nc4 44. Kd3 f6 45. Ke2 Bb2 46. a4 Bc3 47. axb5 axb5 48. Ra6 Ke5 49. Ra8 Bxb4 50. Rb8 Nd6 51. Kd3 Bc5 52. Ra8 b4 53. Rb8 Kd5 54.
f4 Kc6 55. Rf8 b3 56. Rxf6 b2 57. Kc2 Ba3 58. fxg5 Kd5 59. Rf4 Nc4 60. Rxc4 Kxc4 61. g6 Bf8 62. Kxb2 Kd3 63. Kb3 Kxe3 64. Kc4 Kf4 65.
Kd5 Kg5 66. Ke4 Kxg6 67. h4 Be7 68. g5 Bxg5 69. hxg5 Kxg5 1/2-1/2

[Event "*** Titled Tuesday Blitz"]
[Site "Chess.com"]
[Date "2020.05.26"]
[Round "2"]
[White "temus_galaktionov"]
[Black "GMJustin"]
[Result "1-0"]
[WhiteElo "2699"]
[BlackElo "2304"]
[TimeControl "180+1"]
[EndTime "10:18:53 PDT"]
[Termination "temus_galaktionov won on time"]

1. d4 d5 2. Nf3 a6 3. c4 dxc4 4. a4 Nf6 5. e3 Bg4 6. Bxc4 e6 7.
O-O Nc6 8. h3 Bh5 9. Nbd2 Bd6 10. b3 O-O 11. Bb2 Qe7 12. e4 e5 13. d5 Nb4 14. Re1 c6 15. Nf1 b5 16. axb5 axb5 17. Rxa8 Rxa8 18. Bd3 cxd5 19. exd5 Nfxd5 20. Bxb5 f6 21.
Ng3 Bf7 22. Bc4 Qd7 23. Ne4 Be7 24. Qd2 Nb6 25. Bxf7+ Kxf7 26. Qe2 Kg8 27. Rd1 Qc6 28. Ng3 Rd8 29. Nf5 Rxd1+ 30. Qxd1 Bf8 31. Qd8 Qd7 32. Qxd7 Nxd7 33. Kf1 Nc5 34. Nd2 Ncd3 35. Bc3 g6 36. Ne3 f5 37. Nec4 e4 38. f3 Nd5 39. Bd4 exf3 40. Nxf3 N3f4 41. Be5 Ne6 42. Nd4 Nxd4 43.
Bxd4 Kf7 44. Ne3 Ke6 45. Ke2 Nxe3 46. Kxe3 Kd5 47. Kd3 g5 48. Be3 f4 49. Bd2 h5 50.
h4 gxh4 51. Bxf4 Be7 52. Bd2 Ke5 53. Ke3 Kf5 54. Kf3 Ke5 55. Bc3+ Kd5 56. Kf4 Bd8 57.
Kf5 Be7 58. Bf6 Bd6 59. Bxh4 Kd4 60. Be1 Kd3 61. Kg5 Ke2 62. Bh4 Kf1 63. g3 1-0

[Event "*** Titled Tuesday Blitz"]
[Site "Chess.com"]
[Date "2020.05.26"]
[Round "2"]
[White "underdogchss"]
[Black "chesslh19"]
[Result "1-0"]
[WhiteElo "2414"]
[BlackElo "2164"]
[TimeControl "180+1"]
[EndTime "10:18:53 PDT"]
[Termination "underdogchss won by checkmate"]

1. d4 Nf6 2. Nf3 e6 3. c4 d5 4. Nc3 c5 5. cxd5 cxd4 6. Qa4+ Bd7 7. Qxd4 exd5 8. Bg5 Nc6 9. Qd3 Be7 10. e3 O-O 11.
Be2 Bg4 12. O-O Bxf3 13. Bxf3 Ne5 14. Qd1 Nxf3+ 15. Qxf3 h6 16. Bf4 Qd7 17. Rfd1 Qe6 18. Nxd5 Nxd5 19. Qxd5 Qxd5 20. Rxd5 Bf6 21. Rb5 b6 22. a4 Rfc8 23. g4 Rc2 24. Rb1 Rd8 25. e4 Rd4 26. a5 Rxe4 27. Bb8 bxa5 28. Bxa7 Bd4 29. Bxd4 Rxd4 30. Rxa5 Rxg4+ 31. Kf1 Rb4 32. Ra2 Rb3 33. Ke1 Rc6 34. Kf1 Rcb6 35. Ke2 Re6+ 36. Kd2 Reb6 37. Kc2 Rf3 38. Rf1 Rh3 39. Ra8+ Kh7 40.
Ra7 f6 41. Re1 Rxh2 42. Ree7 Rxf2+ 43. Kc1 Rfxb2 44. Rxg7+ Kh8 45. Rgc7 Rb1+ 46. Kc2 R1b2+ 47. Kc3 R2b3+ 48. Kc4 R3b4+ 49. Kd3 Rb3+ 50. Ke4 Rb8 51. Rh7+ Kg8 52. Rhg7+ Kh8 53. Rh7+ Kg8 54. Rag7+ Kf8 55. Rc7 Kg8 56. Kf5 R3b5+ 57. Kg6 Rg5+ 58. Kxh6 Rgb5 59. Rcg7+ Kf8 60. Rh8# 1-0

[Event "*** Titled Tuesday Blitz"]
[Site "Chess.com"]
[Date "2020.05.26"]
[Round "2"]
[White "124chess"]
[Black "blitzking1729"]
[Result "1-0"]
[WhiteElo "2768"]
[BlackElo "2505"]
[TimeControl "180+1"]
[EndTime "10:18:54 PDT"]
[Termination "124chess won by resignation"]

1. d4 d5 2. Nf3 e6 3. Bf4 Bd6 4. Bg3 Ne7 5. e3 c5 6. c3 Nbc6 7. Nbd2 b6 8. Bd3 Qc7 9. Qe2 O-O 10.
O-O Bb7 11. e4 cxd4 12. cxd4 Bxg3 13. hxg3 dxe4 14. Nxe4 Nf5 15. Neg5 h6 16. Nxe6 fxe6 17. Qxe6+ Kh8 18. Bxf5 Bc8 19. Qc4 Bxf5 20. d5 Rac8 21. dxc6 Qxc6 22. Qxc6 Rxc6 23. Rac1 Rxc1 24. Rxc1 Rc8 25.
Rxc8+ Bxc8 26. Kf1 Kg8 27. Ke2 Kf7 28. Ke3 Ke6 29.
Nd4+ Kd5 30. b3 Bd7 31. f3 Ke5 32. g4 g5 33. g3 a6 34. f4+ Kf6 35. f5 Ke5 36. Nf3+ Kf6 37. Kd4 h5 38. Ne5 Bc8 39. gxh5 Bxf5 40. g4 Bb1 41. a3 Bc2 42. b4 a5 43. Kd5 axb4 44. axb4 Bb3+ 45. Kd6 b5 46. Nd7+ Kg7 47. Ke5 Bd1 48. Kf5 Kh6 49. Ne5 Bc2+ 50. Kf6 Bd1 51. Nf7+ Kh7 52. Nxg5+ Kg8 53. Kf5 Bc2+ 54.
Kf4 Bd1 55. Ne4 Kg7 56. Nc3 Ba4 57. g5 Kf7 58. Nd5 Bd1 59. h6 Kg6 60. Ne7+ Kh7 61. Kf5 Bc2+ 62. Kf6 Bb3 63. Nf5 Bc2 64. g6+ 1-0

[Event "*** Titled Tuesday Blitz"]
[Site "Chess.com"]
[Date "2020.05.26"]
[Round "2"]
[White "PavelShkapenko"]
[Black "Parkas"]
[Result "1-0"]
[WhiteElo "2678"]
[BlackElo "2303"]
[TimeControl "180+1"]
[EndTime "10:18:54 PDT"]
[Termination "PavelShkapenko won by resignation"]

1. e4 g6 2. d4 Bg7 3. Nc3 a6 4. a4 b6 5. f4 Bb7 6. Nf3 e6 7.
Bd3 Ne7 8. O-O d5 9. e5 c5 10. Qe1 Nbc6 11. Be3 c4 12. Be2 Nf5 13. Bf2 h5 14.
Nd1 b5 15. c3 Bf8 16. Ne3 Nce7 17. Nxf5 Nxf5 18. axb5 axb5 19. b4 Be7 20. Qd2 Kd7 21.
Qb2 Qb6 22. g3 Rxa1 23. Rxa1 Ra8 24. Kg2 Rxa1 25. Qxa1 Qa6 26. Qxa6 Bxa6 27. h3 Ke8 28. g4 hxg4 29. hxg4 Ng7 30. Bh4 Bc8 31. Kg3 Kf8 32. Bd1 Bxh4+ 33. Kxh4 Ne8 34. Bc2 Nc7 35. Kg5 Na8 36.
Ng1 Nb6 37. Ne2 Na4 38. f5 gxf5 39. gxf5 Kg7 40. f6+ Kg8 41. Kf4 Nb6 42. Ke3 Bd7 43.
Nf4 Be8 44. Nh3 Nd7 45. Nf2 Nf8 46. Ng4 Nh7 47. Kf4 Nf8 48. Kg5 Nd7 49. Nh2 Nb6 50.
Nf3 Na4 51. Bxa4 bxa4 52. Ne1 a3 53. Nc2 Ba4 54. Nxa3 Kf8 55. Kh6 Ke8 56. Kg7 Bd7 57.
b5 Bc8 58. Nc2 Bd7 59. b6 Bc6 60. Nb4 Bb7 61. Kg8 Ba8 62. Na6 Bb7 63. Nc5 Bc6 64.
b7 Bxb7 65. Nxb7 Kd7 1-0

[Event "*** Titled Tuesday Blitz"]
[Site "Chess.com"]
[Date "2020.05.26"]
[Round "2"]
[White "pfalcon1949"]
[Black "FrogMist"]
[Result "1/2-1/2"]
[WhiteElo "2046"]
[BlackElo "2361"]
[TimeControl "180+1"]
[EndTime "10:18:54 PDT"]
[Termination "Game drawn by agreement"]

1. d4 Nf6 2. c4 g6 3. Nc3 d5 4. cxd5 Nxd5 5. e4 Nxc3 6. bxc3 Bg7 7. Bc4 O-O 8. Ne2 c5 9. O-O Nc6 10. Be3 Bg4 11. f3 Bd7 12. d5 Na5 13. Bd3 Rc8 14. Qd2 b5 15. Ng3 e6 16. d6 e5 17.
Rad1 a6 18. Bh6 Be6 19. Bxg7 Kxg7 20. Be2 Qd7 21. Qg5 f5 22. exf5 Bxf5 23. Nxf5+ Rxf5 24. Qg3 Rd8 25. Bd3 Rf4 26. Be4 Nc4 27. Rfe1 Qe6 28. h4 Rxd6 29. Rxd6 Qxd6 30. h5 Nd2 31.
Rd1 b4 32. hxg6 Nxe4 33. Qe1 Qxg6 34. fxe4 Rxe4 35. Rd7+ Kh6 36. Qd2+ Rf4 37. Kh2 Qh5+ 38.
Kg1 Qg5 39. Qd6+ Rf6 40. Qd1 Qe3+ 41. Kh1 Qe4 42. Qd2+ Kg6 43. Rd6 Qh4+ 44. Kg1 bxc3 45. Rxf6+ Qxf6 46. Qd3+ Qf5 47. Qxc3 c4 48. Qxc4 Qb1+ 49.
Kh2 Qb6 50. Qe4+ Kg7 51. Qxe5+ Kg8 52. Qg5+ Kf7 53. Qh5+ Qg6 54. Qd5+ Kg7 55. Qb7+ Kh6 56. Qf3 Qh5+ 57. Qh3 Kg5 58. Kg3 Qxh3+ 59. Kxh3 Kf4 60. Kh2 Kg4 61. g3 a5 62. Kg2 a4 63. Kf2 a3 64. Kg2 h6 65. Kf2 Kf5 66. Kf3 Ke5 67.
Kg4 Kd4 68. Kh5 Kc3 69. g4 Kb2 70. Kxh6 Kxa2 71. g5 Kb3 72. g6 a2 73. g7 a1=Q 74.
g8=Q+ Kc2 75. Qg6+ Kb3 76. Qg8+ Kb2 77. Qg6 1/2-1/2

[Event "*** Titled Tuesday Blitz"]
[Site "Chess.com"]
[Date "2020.05.26"]
[Round "2"]
[White "Feegus"]
[Black "Semen_Khanin"]
[Result "0-1"]
[WhiteElo "2467"]
[BlackElo "2698"]
[TimeControl "180+1"]
[EndTime "10:18:55 PDT"]
[Termination "Semen_Khanin won by resignation"]

1. Nf3 Nf6 2. g3 g6 3. Bg2 Bg7 4. c4 O-O 5. Nc3 c6 6. O-O d5 7.
cxd5 cxd5 8. d4 Ne4 9. Ne5 Nxc3 10. bxc3 Nc6 11. Nxc6 bxc6 12. a4 a5 13. Ba3 Ba6 14. Bc5 Rb8 15. Re1 Qd7 16. e4 Rfe8 17. exd5 cxd5 18.
Rb1 e6 19. Qc2 Bf8 20. Bb6 Bc4 21. Bxa5 Ra8 22. Bb4 Rxa4 23. Bxf8 Rxf8 24. h4 Rfa8 25. h5 Ra2 26. Rb2 Kg7 27. Qd2 Rxb2 28. h6+ Kg8 29. Qxb2 Qd8 30. Ra1 Rb8 31. Qd2 Qf6 32. Ra7 g5 33. Qb2 Rf8 34. Qb7 Qxh6 35. Qe7 Qg6 36. Bf1 Bxf1 37. Kxf1 h6 38. Rd7 Kg7 39. Qd6 Rc8 40.
Qe5+ Qf6 41. Qe3 Qf5 42. Kg2 Qe4+ 43. Qxe4 dxe4 44. d5 exd5 45. Rxd5 Rxc3 46. Re5 Rc4 47. g4 Kf6 48. Re8 e3 49. f3 Rc2+ 50. Kg3 Re2 51.
Re4 Re1 52. Kg2 Kg6 53. Kg3 h5 54. gxh5+ Kxh5 55. Kg2 f5 56. Re8 f4 57. Rh8+ Kg6 58.
Re8 Ra1 59. Re6+ Kf5 60. Re8 Ra2+ 61. Kf1 Rf2+ 62. Ke1 Rxf3 63. Rf8+ Kg4 0-1

[Event "*** Titled Tuesday Blitz"]
[Site "Chess.com"]
[Date "2020.05.26"]
[Round "2"]
[White "Maxim_e2e4"]
[Black "SketchyMoves"]
[Result "1/2-1/2"]
[WhiteElo "2323"]
[BlackElo "2632"]
[TimeControl "180+1"]
[EndTime "10:18:55 PDT"]
[Termination "Game drawn by repetition"]

1. e4 c6 2. d4 d5 3. exd5 cxd5 4. Bd3 Nc6 5. c3 Qc7 6. h3 e6 7. Nf3 Bd6 8. O-O Nge7 9. Re1 a6 10. b3 O-O 11. c4 Bf4 12. Nc3 Bxc1 13. Rxc1 Qf4 14. Ne2 Qf6 15. Ng3 Rd8 16. c5 g6 17. Bf1 Kg7 18. Qd2 h6 19. b4 Bd7 20. a3 Kh7 21. Rc3 Rg8 22. Rce3 Nf5 23. Nxf5 gxf5 24. Ne5 Nxe5 25.
dxe5 Qh4 26. Rf3 Rg7 27. Rf4 Qe7 28. h4 Rag8 29. Re3 Bb5 30. g3 Bxf1 31. Kxf1 Qd7 32. Qd3 h5 33. Kg2 Qd8 34. Ref3 Rg6 35. a4 Qc7 36.
Qd4 Qd7 37. Ra3 Rg4 38. Rxg4 Rxg4 39. Qb2 Rc4 40. Rc3 Qxa4 41. Rxc4 dxc4 42. Qe2 Qc6+ 43. Kh2 Qe4 44. Qxh5+ Kg8 45. Qg5+ Kf8 46. Qd8+ Kg7 47. Qg5+ Kh7 48. Qh5+ Kg8 49. Qg5+ Kh8 50. Qf6+ Kh7 51. Qxf7+ Kh6 52. Qf6+ Kh7 53. Qf7+ Kh6 54. Qxe6+ Kh5 55. Qg8 Kh6 56. Qg5+ Kh7 57. Qe7+ Kh6 58. Qf6+ Kh7 59. e6 Qf3 60. Qf7+ Kh6 61. Qf8+ Kh5 62. Qf7+ Kh6 63. Kg1 Qd1+ 64. Kg2 Qd5+ 65. Kh2 Qf3 1/2-1/2

[Event "*** Titled Tuesday Blitz"]
[Site "Chess.com"]
[Date "2020.05.26"]
[Round "2"]
[White "Bulldog167"]
[Black "LedakovAlexandr"]
[Result "0-1"]
[WhiteElo "2768"]
[BlackElo "2523"]
[TimeControl "180+1"]
[EndTime "10:18:56 PDT"]
[Termination "LedakovAlexandr won by resignation"]

1. d4 Nc6 2. Nf3 d6 3. e4 g6 4. d5 Nb8 5. c4 Bg4 6. Qd4 Nf6 7. e5 dxe5 8. Nxe5 Bc8 9. Be2 Bg7 10. Bf4 e6 11. Nc3 O-O 12. O-O exd5 13. cxd5 Nc6 14. Qc4 Nxd5 15. Nxc6 bxc6 16. Rad1 Be6 17. Qxc6 Nxc3 18.
bxc3 Qf6 19. Bxc7 Qxc3 20. Qxc3 Bxc3 21. a4 Rac8 22. Bd6 Rfd8 23. Bb5 Bc4 24. Bxc4 Rxc4 25. Be7 Rxd1 26. Rxd1 Rxa4 27. g3 Ra1 28. Rxa1 Bxa1 29. Kf1 f5 30. Ke2 Kf7 31. Bc5 a6 32. Kd3 Ke6 33. Kc4 g5 34. f3 g4 35. f4 Bf6 36.
Bb6 Kd6 37. Bf2 Kc6 38. Be1 Bd8 39. Bc3 Bb6 40. Bf6 Bg1 41. Bh4 Bxh2 42. Kd4 Kd6 43. Kc4 Bg1 44. Bg5 Bb6 45. Bh4 h5 46.
Bg5 Kd7 47. Bf6 Bd8 48. Bd4 h4 49. gxh4 Bxh4 50. Kd5 g3 51. Ke5 a5 52. Kd5 a4 53. Kc4 Ke6 54. Kb4 Kd5 55. Bg1 Ke4 56. Kxa4 Kxf4 57. Kb4 Kg4 58. Kc4 f4 59. Kd3 f3 60.
Ke3 f2 61. Bxf2 gxf2 62. Ke2 Kg3 63. Kf1 Kh3 64. Ke2 Kg2 0-1

[Event "*** Titled Tuesday Blitz"]
[Site "Chess.com"]
[Date "2020.05.26"]
[Round "2"]
[White "AlexOstrovskiy"]
[Black "Azoulas1"]
[Result "1-0"]
[WhiteElo "2607"]
[BlackElo "1974"]
[TimeControl "180+1"]
[EndTime "10:18:56 PDT"]
[Termination "AlexOstrovskiy won by checkmate"]

1. d4 Nf6 2. Bg5 e6 3. Nd2 Be7 4. e3 d5 5. Bd3 h6 6. Bxf6 Bxf6 7. f4 c5 8. c3 Nc6 9. Ngf3 Bd7 10. Ne5 Nxe5 11.
fxe5 Bg5 12. Qe2 O-O 13. O-O f5 14. exf6 Bxf6 15. dxc5 Qc7 16. e4 Qxc5+ 17. Kh1 Bc6 18. e5 Bg5 19. Nb3 Qe3 20. Nd4 Qxe2 21. Bxe2 Bd7 22.
Bg4 Rae8 23. Rxf8+ Kxf8 24. Bh5 Rd8 25. Rf1+ Kg8 26.
Bf7+ Kh7 27. Bxe6 Be8 28. g3 Bg6 29. h4 Be4+ 30. Kh2 Be3 31. Bf5+ g6 32. Bxe4 dxe4 33.
e6 Kg8 34. Rf6 Bxd4 35. cxd4 Re8 36. d5 e3 37. Kg2 Kg7 38. Rf7+ Kg8 39. Kf3 Rd8 40. Rd7 Rf8+ 41. Kxe3 Re8 42. Rxb7 g5 43. hxg5 hxg5 44. Ke4 g4 45. Ke5 a5 46. d6 Kf8 47.
Rf7+ Kg8 48. d7 Rd8 49. Kd6 a4 50. Re7 a3 51. Re8+ Kg7 52. Rxd8 axb2 53. Rb8 b1=Q 54. Rxb1 Kg6 55. Rf1 Kh5 56. a4 Kg6 57. a5 Kg7 58. a6 Kg6 59. a7 Kg7 60. e7 Kg6 61. Kd5 Kg7 62. Ke4 Kh6 63. Rf5 Kg7 64. Kf4 Kh6 65.
Kxg4 Kh7 66. Rf8 Kg7 67. Kf4 Kh6 68. g4 Kg7 69. a8=Q Kh7 70. d8=Q Kg7 71. e8=Q Kh6 72.
Qg5+ Kh7 73. Qeh5# 1-0

[Event "*** Titled Tuesday Blitz"]
[Site "Chess.com"]
[Date "2020.05.26"]
[Round "2"]
[White "tylityli"]
[Black "okriak"]
[Result "0-1"]
[WhiteElo "2308"]
[BlackElo "2718"]
[TimeControl "180+1"]
[EndTime "10:18:57 PDT"]
[Termination "okriak won on time"]

1. d4 d5 2. c4 e6 3. Nc3 c6 4. e3 Nf6 5. Nf3 a6 6. b3 c5 7. Bb2 Nc6 8. Be2 cxd4 9. exd4 Be7 10. O-O dxc4 11. bxc4 O-O 12. Rc1 b6 13. Qd2 Ra7 14. Rfd1 Rd7 15. Qf4 Qc7 16. Qxc7 Rxc7 17. Na4 Rb7 18.
c5 b5 19. Nb6 Nd5 20. Nxd5 exd5 21. h3 Bf5 22. Bc3 f6 23. Re1 Kf7 24. g4 Bg6 25. Nh4 Be4 26. f3 Bg6 27. Nxg6 hxg6 28. f4 f5 29. Kg2 Bf6 30. Bf3 Rd8 31. Rcd1 b4 32. Bb2 fxg4 33. hxg4 g5 34. fxg5 Bxg5 35.
Rf1 Kg8 36. Kg3 Rf7 37. Be2 Rxf1 38. Bxf1 a5 39. Bb5 Ne7 40. Re1 Kf7 41. a4 Rh8 42. Rf1+ Ke6 43. Re1+ Kf7 44. Rf1+ Kg8 45. c6 g6 46. c7 Kg7 47. Bd7 Bh4+ 48. Kg2 Bf6 49. Re1 Kf7 50. Rc1 Nc8 51. Bc6 Ke6 52. Bb5 Kd6 53. Rc6+ Ke7 54. Rc5 Kd6 55. Rc6+ Ke7 56. Rc5 Rh4 57. Kg3 Rh1 58. Rxd5 Ke6 59. Rd8 Rg1+ 60.
Kf2 Bxd4+ 61. Rxd4 Rb1 0-1

[Event "*** Titled Tuesday Blitz"]
[Site "Chess.com"]
[Date "2020.05.26"]
[Round "2"]
[White "MergenKakabaev"]
[Black "barbara25"]
[Result "0-1"]
[WhiteElo "2409"]
[BlackElo "2210"]
[TimeControl "180+1"]
[EndTime "10:18:57 PDT"]
[Termination "barbara25 won on time"]

1. e4 c5 2. Nf3 d6 3. d4 cxd4 4.
Nxd4 Nf6 5. Nc3 a6 6. Bg5 e6 7. f4 Qb6 8. Qd2 Nc6 9. O-O-O Nxd4 10. Qxd4 Qxd4 11. Rxd4 Be7 12. e5 dxe5 13. fxe5 Nd7 14. Bxe7 Kxe7 15. Re4 b5 16. a3 Bb7 17. Re3 Rhd8 18.
Be2 Nb6 19. Bf3 Rab8 20. Bxb7 Rxb7 21. Rf1 Kf8 22. b3 Nd5 23. Rd3 Rbd7 24. Rfd1 Ke7 25. Ne4 Nf4 26. Rxd7+ Rxd7 27. Rxd7+ Kxd7 28. Nc5+ Kc6 29.
Nxa6 Nxg2 30. Kd2 f6 31. exf6 gxf6 32. Nb4+ Kb6 33. Nd3 e5 34. a4 bxa4 35. bxa4 Ka5 36. Nc5 Nf4 37. Ke3 Nh5 38. Ke4 Kb4 39. Nd7 Kxa4 40.
c4 Kb4 41. c5 Kb5 42. Kd5 Nf4+ 43. Kd6 e4 44. c6 e3 45. c7 e2 46. c8=Q e1=Q 47. Qb7+ Kc4 48. Qa6+ Kd4 49. Qb6+ Kd3 50. Qb3+ Ke2 51. Nxf6 Qd2+ 52. Ke7 Qe3+ 0-1